 Dungeon Crawl Stone Soup version 0.24.0-123-gd5b16e6ec5 (webtiles) character file.

Game seed: 14667214735560240806, levelgen mode: deterministic

165 Ostronsas the Grasshopper (level 5, -5/43 HPs)
             Began as a Gnoll Warper on Jan 10, 2020.
             Was an Initiate of Cheibriados.
             Killed by divine providence
             ... invoked by an orc priest
              (11 damage)
             ... on level 3 of the Dungeon.
             The game lasted 00:19:50 (1723 turns).

Ostronsas the Grasshopper (Gnoll Warper)            Turns: 1723, Time: 00:19:51

Health: -5/43      AC:  9    Str: 15    XL:     5   Next: 46%
Magic:  11/12      EV: 14    Int: 17    God:    Cheibriados [......]
Gold:   125        SH:  5    Dex: 15    Spells: 7/14 levels left

rFire    . . .     SeeInvis .   a - +0 spear
rCold    . . .     Gourm    .   k - +1 buckler {AC+3}
rNeg     . . .     Faith    .   b - +0 leather armour
rPois    .         Spirit   .   (no helmet)
rElec    .         Reflect  .   s - +1 cloak {MR+}
rCorr    .         Harm     .   (no gloves)
MR       +....                  t - +0 pair of boots
Stlth    ++........             (no amulet)
HPRegen  0.14/turn              (no ring)
MPRegen  0.13/turn              (no ring)

@: lethally poisoned (-5 -> -7), very slow
A: distributed training, fangs 1, strong nose
a: Bend Time, Renounce Religion


You were on level 3 of the Dungeon.
You worshipped Cheibriados.
Cheibriados was noncommittal.
You were not hungry.

You visited 1 branch of the dungeon, and saw 3 of its levels.

You collected 125 gold pieces.

Inventory:

Hand Weapons
 a - a +0 spear (weapon)
 h - a +0 mace
 o - a +2 quarterstaff of chaos
 p - a +0 spear
Missiles
 e - 5 boomerangs of dispersal (quivered)
Armour
 b - a +0 leather armour (worn)
 c - a +0 ring mail
 g - a +0 chain mail
 k - a +1 buckler of protection (worn)
 s - a +1 cloak of magic resistance (worn)
 t - a +0 pair of boots (worn)
Jewellery
 m - an uncursed amulet of regeneration {unknown}
 q - an uncursed ring of protection from fire {unknown}
Scrolls
 d - 3 scrolls of blinking
 v - a scroll of identify {unknown}
Potions
 i - a potion of haste {unknown}
 j - a potion of ambrosia {unknown}
 l - a potion of might {unknown}
 n - a potion of lignification {unknown}
 r - 2 potions of mutation {unknown}
 u - 2 potions of resistance {unknown}
Comestibles
 f - 4 rations


   Skills:
 + Level 4.8 Fighting
 + Level 1.4 Short Blades
 + Level 1.4 Long Blades
 + Level 1.4 Axes
 + Level 1.4 Maces & Flails
 + Level 4.8 Polearms
 + Level 1.4 Staves
 + Level 1.4 Slings
 + Level 1.4 Bows
 + Level 1.4 Crossbows
 + Level 3.0 Throwing
 + Level 3.0 Armour
 + Level 4.8 Dodging
 + Level 1.4 Stealth
 + Level 1.4 Shields
 + Level 1.4 Unarmed Combat
 + Level 5.2 Spellcasting
 + Level 1.1 Conjurations
 + Level 1.1 Hexes
 + Level 1.1 Charms
 + Level 1.1 Summonings
 + Level 1.1 Necromancy
 + Level 5.5 Translocations
 + Level 1.1 Transmutations
 + Level 1.1 Fire Magic
 + Level 1.1 Ice Magic
 + Level 1.1 Air Magic
 + Level 1.1 Earth Magic
 + Level 1.1 Poison Magic
 + Level 1.6 Invocations
 + Level 1.4 Evocations


You had 7 spell levels left.
You knew the following spells:

 Your Spells              Type           Power        Failure   Level  Hunger
a - Blink                 Tloc           N/A          3%          2    #......
b - Shroud of Golubria    Chrm/Tloc      ###...       9%          2    #......
c - Teleport Other        Tloc           ###.....     7%          3    ###....

Your spell library contained the following spells:

 Spells                   Type           Power        Failure   Level  Hunger
 Gell's Gravitas          Tloc           ###.......   7%          3    ###....
 Lesser Beckoning         Tloc           ###.......   7%          3    ###....
 Passage of Golubria      Tloc           N/A          24%         4    ####...


Dungeon Overview and Level Annotations

Branches:
Dungeon (3/15)

Altars:
Cheibriados
Dithmenos
Fedhas
Makhleb
Sif Muna


Innate Abilities, Weirdness & Mutations

Your experience applies equally to all skills.
You have very sharp teeth.
Your uncanny sense of smell can sniff out nearby items.


Message History

The orc priest calls down the wrath of Beogh upon you.
Pain shoots through your body!
* * * LOW HITPOINT WARNING * * *
An orc comes into view.
The orc wizard mumbles some strange words.
The orc wizard blinks!
Casting: Shroud of Golubria (safe; 9% risk of failure)
Confirm with . or Enter, or press ? or * to list all spells.
You blink.
You feel sick.
Okay, then.
You feel sick.
Found 13 stones.
You feel sick.
Found a quarterstaff.
You feel sick.
Found a stone staircase leading down.
You feel sick.
The orc priest mumbles some strange prayers to Beogh against you.
Beogh smites you!
You die...

#.....o....................
K.........###..............
....ยง.....#
#..............
..........###o.............
.>.............#...........
.............oo#...........
...o.........o.#..####.###.
.......#..#.##
..........@..#
.............#
.....(..........
........).....#.#
......>......# #
#............
.########..... ......


You could see an orc priest and 3 orcs.

Vanquished Creatures
  An orc priest (D:2)
  Crazy Yiuf (D:2)
  3 gnolls
  3 adders (D:2)
  A worm (D:2)
  5 orcs (D:2)
  A ball python (D:2)
  7 bats
  A giant cockroach (D:1)
  5 goblins
  4 hobgoblins (D:1)
  4 jackals (D:2)
  6 kobolds
  A frilled lizard (D:3)
  3 rats
46 creatures vanquished.

Notes
Turn   | Place    | Note
-------+----------+-------------------------------------------
     0 | D:1      | Ostronsas the Gnoll Warper began the quest for the Orb.
     0 | D:1      | Reached XP level 1. HP: 20/20 MP: 6/6
   224 | D:1      | Reached XP level 2. HP: 19/26 MP: 7/7
   504 | D:1      | Reached XP level 3. HP: 31/31 MP: 9/9
   578 | D:1      | Learned a level 2 spell: Blink
   581 | D:1      | Learned a level 2 spell: Shroud of Golubria
   585 | D:1      | Learned a level 3 spell: Teleport Other
   608 | D:2      | Reached skill level 5 in Spellcasting
   741 | D:2      | Found a shimmering blue altar of Sif Muna.
   780 | D:2      | Reached skill level 1 in Invocations
   946 | D:2      | Found a runed translucent door.
   947 | D:2      | Noticed Crazy Yiuf
   956 | D:2      | Killed Crazy Yiuf
   956 | D:2      | Reached skill level 1 in Short Blades
   956 | D:2      | Reached skill level 1 in Long Blades
   956 | D:2      | Reached skill level 1 in Axes
   956 | D:2      | Reached skill level 1 in Maces & Flails
   956 | D:2      | Reached skill level 1 in Staves
   956 | D:2      | Reached skill level 1 in Slings
   956 | D:2      | Reached skill level 1 in Bows
   956 | D:2      | Reached skill level 1 in Crossbows
   956 | D:2      | Reached skill level 1 in Stealth
   956 | D:2      | Reached skill level 1 in Shields
   956 | D:2      | Reached skill level 1 in Unarmed Combat
   956 | D:2      | Reached skill level 1 in Evocations
   956 | D:2      | Reached XP level 4. HP: 35/38 MP: 11/11
  1118 | D:2      | Found a burning altar of Makhleb.
  1120 | D:2      | Found a blossoming altar of Fedhas.
  1134 | D:2      | Found a snail-covered altar of Cheibriados.
  1134 | D:2      | Found a shadowy altar of Dithmenos.
  1148 | D:2      | Became a worshipper of Cheibriados the Contemplative
  1309 | D:2      | Reached skill level 1 in Conjurations
  1309 | D:2      | Reached skill level 1 in Hexes
  1309 | D:2      | Reached skill level 1 in Charms
  1309 | D:2      | Reached skill level 1 in Summonings
  1309 | D:2      | Reached skill level 1 in Necromancy
  1309 | D:2      | Reached skill level 1 in Transmutations
  1309 | D:2      | Reached skill level 1 in Fire Magic
  1309 | D:2      | Reached skill level 1 in Ice Magic
  1309 | D:2      | Reached skill level 1 in Air Magic
  1309 | D:2      | Reached skill level 1 in Earth Magic
  1309 | D:2      | Reached skill level 1 in Poison Magic
  1598 | D:2      | Reached XP level 5. HP: 36/43 MP: 12/12
  1723 | D:3      | Killed from afar by an orc priest

Levels and vault maps discovered:
D:1:      dpeg_arrival_water_temple_mockup, layout_basic,
          minmay_tree_intersection
D:2:      layout_rooms, minitemple, nicolae_overflow_crystal_walls,
          first_ration, uniq_crazy_yiuf_cottage
D:3:      layout_rooms, xom_redecorated, minmay_door_square

Skill      XL: |  1  2  3  4  5 |
---------------+----------------+-----
Spellcasting   | 5 |  5.2
Invocations    | 1 |  1.6
Short Blades   | 1 |  1.4
Long Blades    | 1 |  1.4
Axes           | 1 |  1.4
Maces & Flails | 1 |  1.4
Staves         | 1 |  1.4
Slings         | 1 |  1.4
Bows           | 1 |  1.4
Crossbows      | 1 |  1.4
Stealth        | 1 |  1.4
Shields        | 1 |  1.4
Unarmed Combat | 1 |  1.4
Evocations     | 1 |  1.4
Conjurations   | 1 |  1.1
Hexes          | 1 |  1.1
Charms         | 1 |  1.1
Summonings     | 1 |  1.1
Necromancy     | 1 |  1.1
Transmutations | 1 |  1.1
Fire Magic     | 1 |  1.1
Ice Magic      | 1 |  1.1
Air Magic      | 1 |  1.1
Earth Magic    | 1 |  1.1
Poison Magic   | 1 |  1.1
Throwing       | 3 |  3.0
Armour         | 3 |  3.0
Fighting       | |  4.8
Polearms       | |  4.8
Dodging        | |  4.8
Translocations | |  5.5

Action                   |  1- 3 |  4- 6 || total
-------------------------+-------+-------++-------
Melee: Spear             |   133 |   101 ||   234
       Bite              |     7 |     9 ||    16
 Cast: Shroud of Golubri |     1 |     1 ||     2
       Blink             |       |     1 ||     1
  Use: Scroll            |     2 |     1 ||     3
 Stab: Sleeping          |     2 |       ||     2
  Eat: Ration            |       |     1 ||     1
Armor: Leather armour    |    21 |    24 ||    45
Dodge: Dodged            |    71 |    57 ||   128
Block: Buckler           |    18 |    20 ||    38
